 Dungeon Crawl Stone Soup version 0.24-a0-350-g5b3daab8ba (webtiles) character file.

Game seed: 2917545415364345472

231 tsouns the Poker (level 6, 0/43 HPs)
             Began as an Octopode Berserker on May 23, 2019.
             Was a Priest of Trog.
             Killed from afar by an orc wizard (10 damage)
             ... with a magic dart
             ... on level 3 of the Dungeon.
             The game lasted 00:06:43 (3187 turns).

tsouns the Poker (Octopode Berserker)               Turns: 3187, Time: 00:06:43

Health: 0/43       AC:  1    Str: 18    XL:     6   Next: 4%
Magic:  6/6        EV: 14    Int:  9    God:    Trog [***...]
Gold:   117        SH:  0    Dex: 12    Spells: 5/5 levels left

rFire    . . .     SeeInvis .   p - +0 trident
rCold    . . .     Gourm    .   (no shield)
rNeg     + . .     Faith    .   (helmet restricted)
rPois    +         Spirit   .   (no amulet)
rElec    .         Reflect  .   h - ring of positive energy
rCorr    .         Harm     .   q - ring of poison resistance
MR       ++...                  (no ring)
Stlth    +++.......             (no ring)
HPRegen  1.14/turn              (no ring)
MPRegen  0.10/turn              (no ring)
                                (no ring)
                                (no ring)

@: regenerating, slowed, very slow
A: almost no armour, stealthy swim, amphibious, 8 rings, constrict 8, camouflage
1, gelatinous body 1
a: Berserk, Trog's Hand, Renounce Religion


You were on level 3 of the Dungeon.
You worshipped Trog.
Trog was most pleased with you.
You were hungry.

You visited 1 branch of the dungeon, and saw 3 of its levels.
You also visited: Sewer.

You collected 117 gold pieces.

Inventory:

Hand Weapons
 a - a +0 spear
 p - a +0 trident (weapon)
Missiles
 e - 105 stones
 n - 17 poisoned darts (quivered)
 v - a throwing net
Jewellery
 h - a ring of positive energy (left tentacle)
 q - a ring of poison resistance (right tentacle)
Scrolls
 c - a scroll of magic mapping
 f - 3 scrolls of remove curse
 g - 3 scrolls of fog
 s - 2 scrolls of teleportation
 u - 2 scrolls of random uselessness
Potions
 d - a potion of lignification
 i - 2 potions of berserk rage {unknown}
 j - a potion of brilliance {unknown}
 l - a potion of flight {unknown}
 m - a potion of curing {unknown}
 o - 2 potions of agility {unknown}
 r - 2 potions of heal wounds {unknown}
 t - a potion of might {unknown}
Comestibles
 b - 8 rations
 k - 4 chunks of flesh


   Skills:
 + Level 4.1 Fighting
 * Level 4.6 Polearms
 + Level 1.7 Throwing
 - Level 3.0 Dodging
 + Level 3.7 Stealth


You had 5 spell levels left.
You didn't know any spells.
Your spell library was empty.

Dungeon Overview and Level Annotations

Branches:
Dungeon (3/15)

Altars:
Gozag
Nemelex Xobeh
Trog
Yredelemnul


Innate Abilities, Weirdness & Mutations

You cannot wear most types of armour.
You are very stealthy in the water. (Stealth+)
You are amphibious.
You can wear up to eight rings at the same time.
You can use your tentacles to constrict eight enemies at once.
Your skin changes colour to match your surroundings (Stealth+).
Your rubbery body absorbs attacks. (AC +1, EV +1)


Message History

You squeeze the orc.
You kill the orc!
Trog accepts your kill.
The orc wizard gestures at you while chanting.
You feel as though you will be slow longer.
The frilled lizard closely misses you.
You hit the frilled lizard.
You kill the frilled lizard!
Trog accepts your kill.
The orc wizard points at you and mumbles some strange words.
The magic dart hits you!
The orc wizard points at you and mumbles some strange words.
The magic dart hits you.
* * * LOW HITPOINT WARNING * * *
Your skin crawls.
You feel resistant to hostile enchantments.
You are feeling hungry.
The orc wizard gestures at you while chanting.
The magic dart hits you!
You die...

......................#
....................#..#
.................(..##.#
.........##...#.##### .#
..........#.###.# #
................#
...##.........######
..###............[.### ###
#.........o@#.)o# #
####......####.###...#
###.........####... .......
.##...........#########....
..#####.........# ...
#.............#.... ..
########......# ### .
...>...# ###.....#


You could see an orc wizard.

Vanquished Creatures
  An orc priest (D:3)
  2 gnolls (D:2)
  9 adders
  4 worms (D:2)
  2 leopard geckos
  3 orcs (D:3)
  4 giant cockroaches
  7 goblins
  5 hobgoblins
  11 jackals
  4 quokkas
  3 ball pythons
  6 bats
  3 frilled lizards
  15 kobolds
  10 rats
  3 plants (Sewer)
92 creatures vanquished.

Notes
Turn   | Place    | Note
-------+----------+-------------------------------------------
     0 | D:1      | tsouns the Octopode Berserker began the quest for the Orb.
     0 | D:1      | Reached XP level 1. HP: 16/16 MP: 1/1
   193 | D:1      | Reached skill level 1 in Stealth
   204 | D:1      | Reached XP level 2. HP: 18/21 MP: 2/2
   618 | D:2      | Reached XP level 3. HP: 16/26 MP: 3/3
   986 | D:2      | Reached ** piety under Trog
  1127 | D:2      | Reached XP level 4. HP: 22/32 MP: 4/4
  1403 | D:2      | Found an opulent altar of Gozag.
  1446 | D:2      | Noticed a moth of wrath
  1449 | D:2      | Found a bloodstained altar of Trog.
  1920 | D:2      | Found a basalt altar of Yredelemnul.
  2252 | D:3      | Reached skill level 1 in Throwing
  2267 | D:3      | Reached XP level 5. HP: 23/37 MP: 5/5
  2273 | D:3      | Found a glowing drain.
  2319 | Sewer    | Entered a sewer
  2633 | Sewer    | Reached *** piety under Trog
  3046 | D:3      | Found a sparkling altar of Nemelex Xobeh.
  3168 | D:3      | Reached XP level 6. HP: 43/43 MP: 6/6
  3187 | D:3      | Killed from afar by an orc wizard

Levels and vault maps discovered:
D:1:      dpeg_arrival_refuge, layout_rooms, serial_rivers,
          chequers_serial_rivers_small_3, chequers_serial_rivers_micro_d,
          chequers_serial_rivers_small_3, chequers_serial_rivers_large_a,
          minmay_misc_feat_x, minmay_small_reverse_x
D:2:      layout_basic, tgw_trog, overflow_temple_1_default,
          nicolae_overflow_hidden_temple, grunt_gozag_statues
D:3:      layout_rooms, nemelex_xobeh_ov_fountains_minmay, first_ration,
          portal_sewer_entry_f, grunt_ministairs_6

Skill      XL: |  1  2  3  4  5 |
---------------+----------------+-----
Stealth        | 1 2 3 |  3.7
Polearms       | 4 |  4.6
Throwing       | 1 |  1.7
Fighting       | 4 |  4.1
Dodging        | |  3.0

Action                   |  1- 3 |  4- 6 || total
-------------------------+-------+-------++-------
Melee: Spear             |    77 |       ||    77
       Constrict         |    17 |    31 ||    48
       Tentacles         |    11 |    32 ||    43
       Trident           |     7 |   167 ||   174
Throw: Dart              |     3 |       ||     3
       Stone             |     1 |       ||     1
Invok: Trog's Hand       |       |     1 ||     1
  Use: Scroll            |       |    10 ||    10
 Stab: Sleeping          |    12 |     8 ||    20
       Distracted        |     1 |       ||     1
  Eat: Chunk             |     1 |     6 ||     7
Armor: Skin              |     1 |     6 ||     7
Dodge: Dodged            |    30 |    74 ||   104

Table legend:
 A = Non-vault XP
 B = Vault XP
 C = Vault XP percentage of total XP
 D = Non-vault monster count
 E = Vault monster count
 F = Vault count percentage of total count
                 A         B        C        D         E       F
            +---------+---------+-------+---------+---------+-------
      Total |     169 |     162 |  48.9 |      54 |      35 |  39.3
            +---------+---------+-------+---------+---------+-------
        D:1 |      24 |       8 |  25.0 |      14 |       4 |  22.2
        D:2 |      91 |      13 |  12.5 |      22 |       5 |  18.5
        D:3 |      54 |      50 |  48.1 |      18 |       5 |  21.7
      Sewer |       0 |      91 | 100.0 |       0 |      21 | 100.0
            +---------+---------+-------+---------+---------+-------
